 Dungeon Crawl Stone Soup version 0.30.1-4-g462c640d31 (webtiles) character file.

Game seed: 7312603863394354944

4347 Zeor the Conjurer (level 10, 0/74 HPs)
             Began as a Demonspawn Reaver on Sept 14, 2023.
             Was a Follower of Vehumet.
             Killed from afar by an acid dragon (36 damage)
             ... with a splash of acid
             ... on level 9 of the Dungeon.
             The game lasted 00:28:08 (9194 turns).

Zeor the Conjurer (Demonspawn Reaver)               Turns: 9194, Time: 00:28:08

Health: 0/74       AC: 15    Str: 13    XL:     10   Next: 12%
Magic:  13/16      EV: 17    Int: 18    God:    Vehumet [*.....]
Gold:   636        SH:  0    Dex: 12    Spells: 5/18 levels left

rFire   + . .        a - +5 scimitar
rCold   . . .        (no shield)
rNeg    + + +        E - +1 leather armour {rF+}
rPois   .            e - +2 hat
rElec   .            f - scarf {harm}
rCorr   .            (no gloves)
SInv    .            (no boots)
Will    .....        A - amulet "Veijan" {Acrobat Harm Rampage *Slow rN+++}
Stlth   +            r - +4 ring of slaying
HPRegen 0.32/turn    B - +5 ring of evasion
MPRegen 0.15/turn

%: slow self (1%), harm (+45% outgoing, +30% incoming), acrobat, rampage
@: sanguine armoured
A: claws 2, spiny 2, sanguine armour 2
a: Renounce Religion


You were on level 9 of the Dungeon.
You worshipped Vehumet.
Vehumet was aware of your devotion.
You visited 2 branches of the dungeon, and saw 10 of its levels.
You also visited: Sewer.

You collected 636 gold pieces.

Inventory:

Hand Weapons
 a - a +5 scimitar (weapon)
 g - a +2 whip of draining
 j - a +2 whip of electrocution
 t - a +0 falchion
 v - a +0 long sword
Missiles
 u - 2 throwing nets
 D - a curare-tipped dart
Armour
 e - a +2 hat (worn)
 f - a scarf of harm (worn)
 E - a +1 leather armour of fire resistance (worn)
Magical Staves
 b - a staff of conjuration
 m - a staff of fire
Jewellery
 r - a +4 ring of slaying (left claw)
 A - the amulet "Veijan" (around neck) {Acrobat Harm Rampage *Slow rN+++}
   (You acquired it on level 5 of the Dungeon)

   [amulet of the acrobat]

   It increases your evasion while moving and waiting.
   rN:        It renders you almost immune to negative energy.
   *Slow:     It may slow you when you take damage.
   Harm:      It increases damage dealt and taken.
   Rampage:   It bestows one free step when moving towards enemies.
 B - a +5 ring of evasion (right claw)
Wands
 y - a wand of mindburst (8)
 z - a wand of flame (21)
Scrolls
 o - 3 scrolls of teleportation
 p - 4 scrolls of identify
 q - a scroll of blinking
 s - a scroll of amnesia
 w - 2 scrolls of magic mapping
Potions
 c - 8 potions of curing
 d - a potion of lignification
 h - a potion of ambrosia
 i - 4 potions of flight
 k - 5 potions of attraction
 l - 2 potions of haste
 n - 2 potions of might
 x - a potion of magic
 C - 2 potions of mutation


   Skills:
 * Level 5.4 Fighting
 * Level 6.1 Long Blades
 + Level 5.5 Maces & Flails
 + Level 3.8 Armour
 + Level 3.7 Dodging
 + Level 1.4 Stealth
 + Level 4.5 Spellcasting
 * Level 7.0 Conjurations
 + Level 2.2 Translocations
 + Level 2.4 Ice Magic


You had 5 spell levels left.
You knew the following spells:

 Your Spells              Type           Power      Damage    Failure   Level
b - Iskenderun's Battles  Conj           29%        2d8       26%         5
d - Static Discharge      Conj/Air       32%        2-4/arc   6%          2
h - Hailstorm             Conj/Ice       21%        3d6       8%          3
k - Kiss of Death         Conj/Necr      64%        2d10      4%          1
s - Momentum Strike       Conj/Tloc      40%        3d9       3%          2

Your spell library contained the following spells:

 Spells                   Type           Power      Damage    Failure   Level
 Freeze                   Ice            48%        1d6       6%          1
 Lesser Beckoning         Tloc           24%        N/A       10%         2
 Slow                     Hex            16%        N/A       17%         1
 Gell's Gravitas          Tloc           12%        N/A       21%         3
 Teleport Other           Tloc           12%        N/A       21%         3
 Cigotuvi's Dreadful Rot  Necr/Pois/Air  8%         N/A       26%         2
 Confusing Touch          Hex            4%         N/A       45%         3
 Vampiric Draining        Necr           4%         2d6       45%         3
 Fireball                 Conj/Fire      8%         3d6       73%         5
 Airstrike                Air            2%         2d(1-17)  86%         4
 Dispel Undead            Necr           4%         3d7       86%         4
 Summon Lightning Spire   Summ/Air       4%         N/A       86%         4
 Conjure Ball Lightning   Conj/Air       8%         3x3d6     99%         6
 Death Channel            Necr           2%         N/A       100%        6
 Orb of Destruction       Conj           14%        9d7       100%        7


Dungeon Overview and Level Annotations

Branches:
Dungeon (9/15)             Temple (1/1) D:5            Lair (0/5) D:9
  Sewer (visited)
    Orc: D:9-12

Altars:
Cheibriados
Dithmenos
Fedhas
Gozag
Hepliaklqana
Kikubaaqudgha
Makhleb
Nemelex Xobeh
Qazlal
Ru
Sif Muna
Trog
Uskayaw
Vehumet
Wu Jian
Xom
Yredelemnul


Innate Abilities, Weirdness & Mutations

You have very sharp fingernails.
You are mostly covered in sharp spines.
When seriously injured, your blood forms thick armour. (AC +9)


Message History

A howler monkey and 2 orcs come into view.
The orc priest looks encouraged for a moment.
The howler monkey moves out of view.
Casting: Momentum Strike (safe; 3% risk of failure)
Confirm with . or Enter, or press ? or * to list all spells.
Casting: Hailstorm (dangerous; 8% risk of failure)
Press: ? - help, Dir - look around, f - activate
Okay, then.
You hit the water moccasin.
The water moccasin is moderately wounded.
The water moccasin bites you.
The orc wizard mumbles some strange words.
The orc wizard flickers and vanishes!
Deactivating autopickup; reactivate with Ctrl-A.
The water moccasin is struck by your spines.
The water moccasin bites you.
Casting: Hailstorm (dangerous; 8% risk of failure)
Confirm with . or Enter, or press ? or * to list all spells.
Casting: Hailstorm (dangerous; 8% risk of failure)
Press: ? - help, Dir - look around, f - activate A cannonade of hail descends around you!
The hail pelts the howler monkey!
You kill the howler monkey!
Vehumet accepts your kill.
The hail misses the orc wizard.
The hail pelts the acid dragon!
The acid dragon is heavily wounded.
The hail pelts the orc priest!
The orc priest is almost dead.
You hear an angry buzzing noise.
The water moccasin is struck by your spines.
You kill the water moccasin!
Vehumet accepts your kill.
You hear a shout!
You hear a loud, deep croak!
Okay, then.
As you read the scroll of identify, it crumbles to dust.
C - 2 potions of mutation You hear a shout!
The acid dragon spits acid at you. The splash of acid hits you!!
You die... ▒ ∙∙ ∙∙∙ ▒▒▒ ∙∙∙∙ ▒▒∙▒▒ ∙∙∙∙∙

▒o6(▒∙∙∙∙∙∙
∙∙∙∙∙∙∙▒$∙∙▒
▒▒▒∙oD▒▒▒∙▒▒
▒∙∙oo ▒▒
▒∙∙∙∙o ▒∙∙∙∙


∙∙∙∙∙ ∙∙∙∙ You could see an acid dragon (catching breath), an orc wizard and 3
orcs.

Vanquished Creatures
  Maggie (D:8)
  2 trolls
  Grum (D:8)
  A steam dragon (D:7)
  A water moccasin (D:9)
  An ice beast (D:7)
  A sky beast (D:7)
  3 orc warriors
  2 ogres
  2 wolves
  2 phantoms
  Blork the orc (D:5)
  4 kobold brigands
  5 bullfrogs
  A water moccasin zombie (D:4)
  2 scorpions
  8 wights (D:7)
  4 howler monkeys
  4 hounds
  2 jellies (D:7)
  5 orc priests
  Terence (D:2)
  2 iguanas
  4 orc wizards
  A hound zombie (D:4)
  Robin (D:2)
  9 gnolls (D:4)
  7 adders
  2 river rats (Sewer)
  2 white imps
  3 worms
  16 orcs
  2 ball pythons (D:1)
  3 bats
  2 endoplasms (D:1)
  3 giant cockroaches (D:3)
  16 goblins
  11 hobgoblins
  19 jackals
  4 quokkas
  3 frilled lizards
  58 kobolds
  10 rats
232 creatures vanquished.

Notes
Turn   | Place    | Note
-------+----------+-------------------------------------------
     0 | D:1      | Zeor the Demonspawn Reaver began the quest for the Orb.
     0 | D:1      | Reached XP level 1. HP: 16/16 MP: 3/3
    43 | D:1      | Gained mutation: When seriously injured, your blood forms
                  | armour. (AC +9) [demonic ancestry]
    43 | D:1      | Reached XP level 2. HP: 10/22 MP: 5/5
   272 | D:1      | Learned a level 2 spell: Momentum Strike
   922 | D:1      | Gained mutation: You are partially covered in sharp spines.
                  | [demonic ancestry]
   922 | D:1      | Reached XP level 3. HP: 27/27 MP: 6/6
  1054 | D:1      | Learned a level 3 spell: Hailstorm
  1343 | D:2      | Noticed Robin
  1351 | D:2      | Killed Robin
  1390 | D:2      | Reached XP level 4. HP: 33/33 MP: 4/7
  1446 | D:2      | Noticed Terence
  1451 | D:2      | Killed Terence
  2043 | D:3      | Noticed a scorpion
  2054 | D:3      | Killed a scorpion
  2055 | D:3      | Reached skill level 1 in Armour
  2055 | D:3      | Gained mutation: You have sharp fingernails. [demonic
                  | ancestry]
  2055 | D:3      | Reached XP level 5. HP: 32/38 MP: 2/8
  2080 | D:3      | Found a hide-covered altar of Uskayaw.
  2206 | D:3      | Found a glowing drain.
  2260 | Sewer    | Entered a sewer
  2267 | Sewer    | Reached skill level 4 in Conjurations
  2335 | Sewer    | Reached skill level 1 in Maces & Flails
  2360 | Sewer    | Reached XP level 6. HP: 43/44 MP: 1/9
  3211 | D:4      | You fall into a shaft and drop 1 floor!
  3211 | D:5      | Entered Level 5 of the Dungeon
  3214 | D:5      | Found a shadowy altar of Dithmenos.
  3691 | D:4      | Reached skill level 1 in Translocations
  3827 | D:4      | Gained mutation: You have very sharp fingernails. [demonic
                  | ancestry]
  3827 | D:4      | Reached XP level 7. HP: 52/52 MP: 6/11
  3940 | D:4      | Found a basalt altar of Yredelemnul.
  4780 | D:5      | Found a staircase to the Ecumenical Temple.
  4789 | Temple   | Entered the Ecumenical Temple
  4831 | Temple   | Became a worshipper of Vehumet
  4986 | D:5      | Noticed Blork the orc
  4999 | D:5      | Killed Blork the orc
  5000 | D:5      | Reached skill level 5 in Conjurations
  5048 | D:5      | Learned a level 2 spell: Static Discharge
  5218 | D:5      | Reached skill level 1 in Ice Magic
  5218 | D:5      | Gained mutation: When seriously injured, your blood forms
                  | thick armour. (AC +9) [demonic ancestry]
  5218 | D:5      | Reached XP level 8. HP: 60/60 MP: 9/12
  5387 | D:5      | Identified a scroll of acquirement
  5387 | D:5      | Acquired the amulet "Veijan" {Acrobat Harm Rampage *Slow
                  | rN+++}
  6027 | D:6      | Found a snail-covered altar of Cheibriados.
  6032 | D:6      | Found a bloodstained altar of Trog.
  6037 | D:6      | Found a sacrificial altar of Ru.
  6959 | D:7      | Found an ancient bone altar of Kikubaaqudgha.
  7162 | D:7      | Reached skill level 1 in Stealth
  7262 | D:7      | Found an ornate altar of the Wu Jian Council.
  7263 | D:7      | Reached skill level 5 in Maces & Flails
  7267 | D:7      | Gained mutation: You are mostly covered in sharp spines.
                  | [demonic ancestry]
  7267 | D:7      | Reached XP level 9. HP: 66/66 MP: 4/14
  7541 | D:7      | Reached * piety under Vehumet
  7541 | D:7      | Offered knowledge of Freeze by Vehumet.
  7548 | D:7      | Reached skill level 6 in Conjurations
  8078 | D:8      | Noticed Grum
  8167 | D:8      | Noticed a troll
  8171 | D:8      | Noticed Maggie
  8172 | D:8      | Killed a troll
  8173 | D:8      | Reached skill level 5 in Fighting
  8173 | D:8      | Reached skill level 5 in Long Blades
  8310 | D:8      | Found a burning altar of Makhleb.
  8382 | D:8      | Killed Grum
  8659 | D:8      | Killed Maggie
  8953 | D:9      | Noticed a troll
  8960 | D:9      | Killed a troll
  8961 | D:9      | Reached XP level 10. HP: 61/74 MP: 13/16
  8982 | D:9      | Learned a level 5 spell: Iskenderun's Battlesphere
  9075 | D:9      | Found a staircase to the Lair.
  9171 | D:9      | Reached skill level 7 in Conjurations
  9194 | D:9      | Killed from afar by an acid dragon

Illustrated notes

Levels and vault maps discovered:
D:1:      roderic_crossed_star, layout_basic
D:2:      layout_basic, kennysheep_boxes, uniq_terence, uniq_robin
D:3:      layout_basic, nicolae_uskayaw_suspiria, gup_sewer_entry_glass
D:4:      minmay_goblin_kobold_castle, layout_gridville,
          lemuel_zombie_altar_yredelemnul
D:5:      layout_loops_corners, mainiacjoe_overflow_chevrons,
          minmay_temple_entry_poolview, uniq_blork_the_orc
D:6:      layout_basic, minmay_overflow_temple_star_quad
D:7:      layout_rooms, kiku_gazebo_garden_becter, nicolae_wu_jian_wuxing_cycle
D:8:      layout_rooms, mainiacjoe_overflow_24_doors, uniq_maggie, uniq_grum
D:9:      layout_cave_pods, nicolae_elyvilon_temple_path,
          nicolae_ashenzari_skybound, zin_treasury, kennysheep_okawaru_gauntlet,
          dpeg_oklobed_lair, orc_0_dummy, minmay_between, uniq_erica
Temple:   nicolae_temple_bog_church

Skill      XL: |  1  2  3  4  5  6  7  8  9 10 |
---------------+-------------------------------+-----
Long Blades    | 3 6 |  6.1
Dodging        | 2 3 |  3.7
Armour         | 1 2 3 |  3.8
Conjurations   | 4 5 6 7 |  7.0
Maces & Flails | 1 2 3 5 |  5.5
Translocations | 1 2 |  2.2
Fighting       | 3 4 5 |  5.4
Spellcasting   | 3 4 |  4.5
Ice Magic      | 1 2 |  2.4
Stealth        | 1 |  1.4

Action                     |  1- 3 |  4- 6 |  7- 9 | 10-12 || total
---------------------------+-------+-------+-------+-------++-------
  Melee: Falchion          |    93 |       |       |       ||    93
         Whip              |    28 |    88 |   112 |       ||   228
         Punch             |       |     1 |     1 |       ||     2
         Scimitar          |       |       |    52 |     9 ||    61
   Cast: Momentum Strike   |     5 |    20 |    27 |       ||    52
         Kiss of Death     |       |     1 |     2 |       ||     3
         Hailstorm         |       |     4 |    24 |     1 ||    29
         Static Discharge  |       |       |     2 |       ||     2
    Use: Scroll            |       |    13 |     3 |     2 ||    18
         Potion            |       |       |     1 |       ||     1
 Armour: Leather armour    |    30 |    24 |    30 |       ||    84
  Dodge: Dodged            |    62 |    51 |   106 |     9 ||   228
